 Dungeon Crawl Stone Soup version 0.18.1-6-gd335043 (webtiles) character file.

88 mopl the Sneak (level 4, 0/31 HPs)
             Began as a Vampire Transmuter on May 17, 2016.
             Slain by a gnoll
             ... wielding a +0 flail
              (8 damage)
             ... on level 2 of the Dungeon.
             The game lasted 00:03:57 (4280 turns).

mopl the Sneak (Vampire Transmuter)                 Turns: 4280, Time: 00:03:58

Health: 0/31       AC:  2    Str:  9    XL:     4   Next: 30%
Magic:  0/7        EV: 12    Int: 15    God:
Gold:   205        SH:  0    Dex: 15    Spells: 2 memorised, 4 levels left

rFire  . . .     SeeInvis +     a - +0 short sword
rCold  + . .     Gourm    .     v - +0 robe
rNeg   + + .     Faith    .     (no shield)
rPois  +         Spirit   +     (no helmet)
rElec  .         Dismiss  .     (no cloak)
rCorr  .         Reflect  .     (no gloves)
SustAt .         Harm     .     (no boots)
MR     .....                    p - amulet of guardian spirit (curse)
Stlth  +++.......               (no ring)
                                g - ring of poison resistance

@: regenerating slowly, not resistant to hostile enchantments, fairly stealthy
A: fangs 3, see invisible, unbreathing
a: Bat Form


You were on level 2 of the Dungeon.
You were very thirsty.

You visited 1 branch of the dungeon, and saw 4 of its levels.

You collected 205 gold pieces.

Inventory:

Hand Weapons
 a - a +0 short sword (weapon)
 b - a +0 blowgun
 i - a +0 dagger
Missiles
 h - 6 javelins (quivered)
 t - 54 arrows
Armour
 v - a +0 robe (worn)
 x - a +1 leather armour of cold resistance
Jewellery
 g - a ring of poison resistance (left hand)
 p - a cursed amulet of guardian spirit (around neck)
Scrolls
 e - 2 scrolls of teleportation {unknown}
 f - a scroll of enchant weapon {unknown}
 j - 2 scrolls of identify {unknown}
 k - a scroll of recharging {unknown}
 m - a scroll of noise {unknown}
 n - a scroll of magic mapping {unknown}
 q - 3 scrolls of remove curse {unknown}
 r - a scroll of random uselessness {unknown}
 s - a scroll of amnesia {unknown}
Potions
 d - 7 potions of blood
 l - a potion of curing {unknown}
 o - a potion of lignification {unknown}
 u - 2 potions of might {unknown}
 w - a potion of invisibility {unknown}
Books
 c - a book of Changes

   Spells                             Type                      Level
   a - Beastly Appendage              Transmutation                1
   b - Sticks to Snakes               Transmutation                2
   c - Spider Form                    Transmutation/Poison         3
   d - Ice Form                       Ice/Transmutation            4
   e - Blade Hands                    Transmutation                5


   Skills:
 - Level 0.8 Fighting
 + Level 2.1 Short Blades
 - Level 2.1 Dodging
 * Level 5.4 Stealth
 - Level 3.2 Unarmed Combat
 - Level 2.0 Spellcasting
 - Level 2.1 Transmutations


You had 4 spell levels left.
You knew the following spells:

 Your Spells              Type           Power        Failure   Level  Hunger
a - Beastly Appendage     Trmt           #.....       12%         1    #......
w - Sticks to Snakes      Trmt           #.......     14%         2    ###....


Dungeon Overview and Level Annotations

Branches:
Dungeon (4/15)
 Temple: D:4-7

Altars:


Innate Abilities, Weirdness & Mutations

You heal slowly.
You have razor-sharp teeth.
You have supernaturally acute eyesight.
You can survive without breathing.


Message History

The gnoll barely misses you. The gnoll hits you with a spear.
The gnoll shouts! x2
You hit the gnoll.
The gnoll is moderately wounded.
The gnoll hits you with a spear.
You hit the gnoll.
The gnoll is moderately wounded.
The gnoll hits you with a flail! The gnoll hits you with a spear!
The gnoll hits you from afar with a spear.
* * * LOW HITPOINT WARNING * * *
There is a stone staircase leading up here.
The gnoll barely misses you.
You climb upwards.
There is a stone staircase leading down here.
You barely miss the gnoll. The gnoll misses you.
You hit the gnoll.
The gnoll is moderately wounded.
The gnoll hits you with a flail!
You die...

#.##.# #.#.#.#.# #.......#
#.##.# #.#.#.#.# #.......#
#.##.######.#.#.#.#
#........
#.#..........<#.#.##
#.#####..
#.###########.#.#..# #.#
#.. #.............#.##.##
#.# ###
##........######.##..# #.#
.................###'####.#
##........####..@.......#.#
##### #........#
#.(.g......#.# #....
#........# #..........#.#
#.... #........#
#..........#.# #....
#........# #..........#.#
#.... #........#
#..........#.# #....
########## #.........%..#
#.... #......รท.....# #..(.
######............# #....


You could see a gnoll.

Vanquished Creatures
  3 adders
  An ooze (D:1)
  3 worms
  A giant gecko (D:1)
  2 orcs (D:3)
  2 giant cockroaches
  9 goblins
  3 hobgoblins
  2 jackals (D:2)
  A quokka (D:2)
  3 bats
  3 giant newts
  5 kobolds
  7 rats
45 creatures vanquished.

Notes
Turn   | Place    | Note
--------------------------------------------------------------
     0 | D:1      | mopl the Vampire Transmuter began the quest for the Orb.
     0 | D:1      | Reached XP level 1. HP: 14/14 MP: 3/3
     5 | D:1      | Reached skill level 2 in Stealth
   225 | D:1      | Reached XP level 2. HP: 17/20 MP: 5/5
   379 | D:1      | Reached skill level 3 in Stealth
   892 | D:2      | Reached skill level 1 in Short Blades
   973 | D:2      | HP: 1/20 [worm (9)]
  1166 | D:2      | Reached skill level 4 in Stealth
  1166 | D:2      | Reached XP level 3. HP: 14/25 MP: 6/6
  1513 | D:2      | HP: 1/25 [poisoned by an adder]
  2435 | D:2      | Learned a level 2 spell: Sticks to Snakes
  3458 | D:3      | Reached XP level 4. HP: 25/31 MP: 7/7
  3510 | D:3      | Reached skill level 5 in Stealth
  3771 | D:4      | Noticed an ice beast
  3790 | D:3      | Reached skill level 2 in Short Blades
  4280 | D:2      | Slain by a gnoll

Skill      XL: |  1  2  3  4 |
---------------+-------------+-----
Stealth        | 2 4 5 |  5.4
Short Blades   | 1 2 |  2.1
Fighting       | |  0.8
Dodging        | |  2.1
Unarmed Combat | |  3.2
Spellcasting   | |  2.0
Transmutations | |  2.1

Action                   |  1- 3 |  4- 6 || total
-------------------------+-------+-------++-------
Melee: Unarmed           |    72 |       ||    72
       Bite              |    10 |     2 ||    12
       Short sword       |    75 |    41 ||   116
       Punch             |       |     1 ||     1
Throw: Javelin           |     6 |       ||     6
  Use: Potion            |     2 |     1 ||     3
 Stab: Sleeping          |     5 |     3 ||     8
Armor: Robe              |    16 |     5 ||    21
Dodge: Dodged            |    75 |    22 ||    97
